Cogmind - Beta 13 *** ADVENTURER MODE // 2024.04.02 @ 02:15:37 Player: FAX_MACHINE_v.0210 Result: Destroyed by G-34 Mercenary with Small Laser Performance ------------- Evolutions (0) 0 Regions Visited (3) 600 Robots Destroyed (38) 190 Value Destroyed (704) 704 Prototype IDs (0) 0 Alien Tech Used (0) 0 Bonus (-21) -21 TOTAL SCORE: 1473 Bonus ------- Friendly Fire -21 Cogmind --------- Core Integrity 0/250 Matter 294/300 Energy 150/150 System Corruption 0% Temperature Cool (6) Movement Walking (190) Ox1 Location -10/Subcaves Parts ------- > --- POWER (1) -------- Light Angular Momentum Engine > --- PROPULSION (2) --- Aluminum Leg Myomer Leg > --- UTILITY (2) ------ Large Storage Unit Signal Interpreter > --- WEAPON (2) ------- Beam Rifle Slug Cannon > --- INVENTORY (15) --- Ion Engine Ion Engine Light Treads Spiked Treads Carbon-fiber Leg Visual Processing Unit Sensor Array Experimental Sensor Array Targeting Computer ECM Suite Light Armor Plating Scrap Shield Light Cannon Peak State ------------ > --- POWER ------------ Light Angular Momentum Engine > --- PROPULSION ------- Aluminum Leg Myomer Leg > --- UTILITY ---------- Large Storage Unit Signal Interpreter > --- WEAPON ----------- Riot Gun Slug Cannon > --- INVENTORY -------- Ion Engine Ion Engine Light Treads Spiked Treads Carbon-fiber Leg Visual Processing Unit Sensor Array Experimental Sensor Array Targeting Computer ECM Suite Light Armor Plating Scrap Shield Beam Rifle Light Cannon [Rating: 25] Favorites ----------- Power Ion Engine Engine Ion Engine Propulsion Light Treads Treads Light Treads Leg Aluminum Leg Utility Large Storage Unit Device Sensor Array Storage Large Storage Unit Processor Signal Interpreter Weapon EM Pulse Gun Energy Gun EM Pulse Gun Ballistic Gun Light Assault Rifle Ballistic Cannon Slug Cannon Launcher Grenade Launcher Build | -11 -10 -10 -10 ------- Run | Yrd Mat Min Sub Slots Evolved . | . . . . Power . | . . . . Propulsion . | . . . . Utility . | . . . . Weapon . | . . . . Parts Attached 23 | 4 6 3 10 Power 3 | 1 . . 2 Engine 3 | 1 . . 2 Core . | . . . . Reactor . | . . . . Propulsion 9 | 2 2 2 3 Treads 5 | . 2 2 1 Leg 4 | 2 . . 2 Wheel . | . . . . Hover . | . . . . Flight . | . . . . Utility 3 | . 3 . . Device 1 | . 1 . . Storage 1 | . 1 . . Processor 1 | . 1 . . Hackware . | . . . . Protection . | . . . . Artifact . | . . . . Weapon 8 | 1 1 1 5 Energy Gun 5 | 1 . 1 3 Energy Cannon . | . . . . Ballistic Gun 1 | . 1 . . Ballistic Cannon 1 | . . . 1 Launcher 1 | . . . 1 Special Weapon . | . . . . Impact Weapon . | . . . . Slashing Weapon . | . . . . Piercing Weapon . | . . . . Special Melee Weapon . | . . . . Unidentified Prototypes . | . . . . Parts Lost 7 | . . 1 6 Power . | . . . . Propulsion 2 | . . . 2 Utility . | . . . . Weapon 5 | . . 1 4 Highest Loss Streak 4 | . . 1 4 To Critical Strikes . | . . . . Average Slot Usage (%) 98 | . 97 99 97 Engine 14 | . 14 14 14 Treads 21 | . 26 28 3 Leg 6 | . 1 . 22 Device 4 | . 11 . . Storage 13 | . 13 14 14 Processor 9 | . 2 14 14 Energy Gun 13 | . 14 13 11 Ballistic Gun 10 | . 12 14 1 Ballistic Cannon 3 | . . . 12 Naked Turns . | . . . . Heaviest Build 39 | 7 29 28 39 Greatest Support 40 | 20 40 40 40 Greatest Overweight (x) 11 | 1 . . 11 Average Overweight (x) . | . . . . Largest Inventory Capacity 15 | 5 15 15 15 Average Capacity 13 | 5 14 15 15 Most Carried 15 | 5 15 15 15 Average Carried 11 | 4 10 14 14 Final Capacity 15 | 5 15 15 15 Final Carried 15 | 5 15 15 14 Class Distribution -------------------- 100% | Mutant Dominant Class ---------------- Mutant | -10/Materials Mutant | -10/Mines Mutant | -10/Subcaves Resources | -11 -10 -10 -10 ----------- Run | Yrd Mat Min Sub Matter Collected 631 | 240 91 61 239 Remotely . | . . . . Salvage Created 863 | . 351 221 291 Parts 74 | . 27 24 23 Haulers Intercepted 1 | . 1 . . Recyclers Shooed 2 | . 2 . . Parts Field Recycled . | . . . . Retrieved Matter . | . . . . Parts Self-Destructed 5 | . . . 5 Prevented . | . . . . Kills | -11 -10 -10 -10 ------- Run | Yrd Mat Min Sub Combat Hostiles Destroyed 34 | . 10 14 10 Guns 24 | . 9 13 2 Cannons 3 | . . . 3 AOE 7 | . 1 1 5 Classes Destroyed 6 | . 5 . 1 Hauler 1 | . 1 . . Recycler 1 | . 1 . . Watcher 2 | . 2 . . Swarmer 23 | . 9 14 . Grunt 1 | . 1 . . Subdweller 10 | . . . 10 Best Kill Streak 8 | . 5 8 6 Combat Bots Only 8 | . 3 8 6 Max Kills in Single Turn 3 | . 1 2 3 Gunslinging 1 | . . 1 . Exploded 3 | . 1 1 3 Melee . | . . . . Uniques/NPCs Destroyed . | . . . . Combat | -11 -10 -10 -10 -------- Run | Yrd Mat Min Sub Hostile Shots Fired 156 | . 53 53 50 Missed 47 | . 21 7 19 Damage Taken 1193 | . 185 305 703 Core 258 | . 30 32 196 Absorbed by Shields . | . . . . Ignored by Resistances 355 | . 65 97 193 Core Remaining (%) 100 | 100 . . . Volleys Fired 108 | . 53 26 29 Largest 2 | . 2 2 2 Hottest 104 | . 60 60 104 Shots Fired 165 | . 73 46 46 Gun 140 | . 73 46 21 Cannon 23 | . . . 23 Launcher 2 | . . . 2 Special . | . . . . Kinetic 94 | . 41 26 27 Thermal 6 | . . . 6 Explosive 2 | . . . 2 Electromagnetic 63 | . 32 20 11 Robot Hit Streak 14 | . 9 9 14 Robot Miss Streak 3 | . 3 3 3 Penetration Max . | . . . . Secondary Targets 4 | . . 4 . Max Gunslinging Chain 1 | . . 1 . Shots Hit Robots 113 | . 49 30 34 Core Hits 59 | . 23 17 19 Critical Kills 2 | . . 1 1 Critical Parts Destroyed . | . . . . Critical Strikes 3 | . 1 1 1 Destroy 2 | . . 1 1 Corrupt 1 | . 1 . . Melee Attacks . | . . . . Impact . | . . . . Slashing . | . . . . Piercing . | . . . . Sneak Attacks . | . . . . Combat Hostiles . | . . . . Follow-up Attacks . | . . . . Damage Inflicted 1752 | . 595 273 884 Guns 910 | . 487 245 178 Cannons 228 | . . . 228 Explosions 614 | . 108 28 478 Melee . | . . . . Ramming . | . . . . Kinetic 613 | . 225 128 260 Thermal 181 | . 108 28 45 Explosive 478 | . . . 478 Electromagnetic 480 | . 262 117 101 Impact . | . . . . Slashing . | . . . . Piercing . | . . . . Highest Corruption . | . . . . Average Corruption . | . . . . Corruption Purged . | . . . . Corruption Blocked . | . . . . Overload Shots . | . . . . Overflow Damage . | . . . . Projectiles . | . . . . Explosions . | . . . . Melee . | . . . . Knockbacks . | . . . . Impact . | . . . . Kinetic . | . . . . Secondary . | . . . . Self-Inflicted Damage 18 | . . 18 . Shots 1 | . . 1 . Rammed . | . . . . Targets Rammed . | . . . . Kicked . | . . . . Crushed . | . . . . Highest Temperature 80 | . 80 52 2 Average Temperature 27 | . 34 20 2 Received Heat Transfer 129 | . 6 . 123 Siege Activations . | . . . . Robots Corrupted . | . . . . Combat Hostiles . | . . . . Parts Fried 1 | . 1 . . Impact Corruptions . | . . . . Robots Melted . | . . . . Combat Hostiles . | . . . . Parts Melted . | . . . . Heat Transferred 261 | . 100 50 111 Parts Sabotaged . | . . . . Parts Stolen . | . . . . Parts Stripped . | . . . . Power Chain Reactions 3 | . 2 1 . Alert | -11 -10 -10 -10 ------- Run | Yrd Mat Min Sub Peak Influence 256 | . 240 256 . Initial . | . . . . Average 85 | . 78 129 . Maximum Alert Level 1 | . 1 1 . Low Security (%) 84 | 100 89 71 . Level 1 15 | . 10 28 . Level 2 . | . . . . Level 3 . | . . . . Level 4 . | . . . . Level 5 . | . . . . High Security . | . . . . Max Security . | . . . . Squads Dispatched 1 | . 1 . . Investigation 1 | . 1 . . Extermination . | . . . . Reinforcement . | . . . . Assault . | . . . . Garrison . | . . . . Intercept . | . . . . Searches Triggered . | . . . . Construction Impeded . | . . . . Haulers Reinforced . | . . . . Active Scanning Responses . | . . . . Cargo Convoy Interrupts . | . . . . Stealth | -11 -10 -10 -10 --------- Run | Yrd Mat Min Sub Distress Signals 2 | . 2 . . Communications Jammed . | . . . . Distress Signals . | . . . . Times Spotted 53 | . 17 17 19 Peak Tracking Total 8 | . 3 3 8 Tactical Retreats 6 | . 2 3 1 Traps | -11 -10 -10 -10 ------- Run | Yrd Mat Min Sub Traps Triggered 1 | . 1 . . Indirectly . | . . . . Trap Hack Attempts . | . . . . Triggered . | . . . . Disarmed . | . . . . Reprogrammed . | . . . . Reused . | . . . . Traps Extracted . | . . . . Installed . | . . . . Triggered 1 | . . . 1 Machines | -11 -10 -10 -10 ---------- Run | Yrd Mat Min Sub Machines Disabled . | . . . . Max in Single Turn . | . . . . Machines Repaired . | . . . . Machines Dismantled . | . . . . Machines Sabotaged . | . . . . Overloaded Fab Kills . | . . . . Hacking | -11 -10 -10 -10 --------- Run | Yrd Mat Min Sub Machines Accessed 9 | . 9 . . Terminals 8 | . 8 . . Fabricators . | . . . . Repair Stations . | . . . . Recycling Units 1 | . 1 . . Scanalyzers . | . . . . Garrison Access . | . . . . Total Hacks 29 | . 29 . . Successful 12 | . 12 . . Failed 17 | . 17 . . Catastrophic 4 | . 4 . . Database Lockouts . | . . . . Manual 15 | . 15 . . Terminals 25 | . 25 . . Fabricators . | . . . . Repair Stations . | . . . . Recycling Units 4 | . 4 . . Scanalyzers . | . . . . Garrison Access . | . . . . Terminal Hacks 10 | . 10 . . Record 2 | . 2 . . Terminal Index 1 | . 1 . . Security Status 1 | . 1 . . Assault Status 1 | . 1 . . Hauler Manifests 1 | . 1 . . Registered Components 1 | . 1 . . Zone Layout 3 | . 3 . . Fabricator Hacks . | . . . . Repair Station Hacks . | . . . . Recycling Unit Hacks 2 | . 2 . . Process 1 | . 1 . . Report Inventory 1 | . 1 . . Scanalyzer . | . . . . Garrison Access Hacks . | . . . . Unauthorized Hacks . | . . . . Terminals . | . . . . Fabricators . | . . . . Repair Stations . | . . . . Recycling Units . | . . . . Scanalyzers . | . . . . Garrison Access . | . . . . Data Cores Recovered . | . . . . Used . | . . . . Hacking Detections 9 | . 9 . . Full Trace Events . | . . . . Feedback Events . | . . . . Feedback Blocked . | . . . . Robot Schematics Acquired . | . . . . Robots Built . | . . . . Authchips . | . . . . Time . | . . . . Total Robot Build Rating . | . . . . Part Schematics Acquired . | . . . . Parts Built . | . . . . Authchips . | . . . . Time . | . . . . Total Part Build Rating . | . . . . Parts Repaired . | . . . . Time . | . . . . Parts Recycled . | . . . . Recycled Matter 145 | . 145 . . Retrieved Matter . | . . . . Retrieved Components . | . . . . Parts Scanalyzed . | . . . . Part Schematics Acquired . | . . . . Parts Damaged . | . . . . Bothacking | -11 -10 -10 -10 ------------ Run | Yrd Mat Min Sub Used RIF Installer . | . . . . Robots Hacked . | . . . . Non-combat . | . . . . Combat . | . . . . Robot Hacks Applied . | . . . . Relay Couplers Released . | . . . . Fabnet Peak Effective % . | . . . . Robots Rewired . | . . . . Allies Hacked . | . . . . Hacks Repelled . | . . . . Allies | -11 -10 -10 -10 -------- Run | Yrd Mat Min Sub Total Allies . | . . . . Largest Group . | . . . . Highest-Rated Group . | . . . . Highest-Rated Ally . | . . . . Total Orders . | . . . . Ally Attacks . | . . . . Total Damage . | . . . . Kills . | . . . . Allies Corrupted . | . . . . Allies Melted . | . . . . Intel | -11 -10 -10 -10 ------- Run | Yrd Mat Min Sub Robot Analysis Total . | . . . . Derelict Logs Recovered 2 | . . 2 . Drone Launches . | . . . . Drone Recoveries . | . . . . Exploration | -11 -10 -10 -10 ------------- Run | Yrd Mat Min Sub Turns Passed 3727 | 436 1366 1069 856 Spaces Moved 1798 | 49 741 614 394 Core 22 | 20 . . 2 Treads 1387 | . 711 614 62 Legs 389 | 29 30 . 330 Wheels . | . . . . Hover . | . . . . Flight . | . . . . Fastest Speed 50 | 50 120 160 120 Average Speed 164 | 95 158 160 189 Slowest Speed 600 | 120 160 160 600 Overloaded Moves . | . . . . Propulsion Burnouts . | . . . . Robots Hopped . | . . . . Cave-ins Triggered . | . . . . Exploration Rate (%) 58 | 6 96 99 31 Regions Visited 3 Branch Regions 2 Pre-discovered Areas . | . . . . Known Exits Taken 2 | . 1 1 . Unknown Exits Taken 1 | 1 . . . Scrap Searched 3 | . . 2 1 Spaces Dug . | . . . . Terrain Destroyed 32 | . 10 6 16 Melee . | . . . . Projectile 5 | . . . 5 AOE 27 | . 10 6 11 Terrain Rammed . | . . . . Walls Destroyed . | . . . . Machines Disabled . | . . . . Actions | -11 -10 -10 -10 --------- Run | Yrd Mat Min Sub Total 2425 | 436 870 661 458 Wait 455 | 377 51 13 14 Move 1795 | 48 740 613 394 Hop . | . . . . Pick Up 31 | 6 15 3 7 Fast Attach 5 | 4 1 . . Attach 12 | . 4 1 7 Detach 3 | . 2 . 1 Swap 6 | . 1 2 3 Drop 10 | 1 3 3 3 Fire 108 | . 53 26 29 Melee . | . . . . Ram . | . . . . Kick . | . . . . Crush . | . . . . Escape Stasis . | . . . . Rewire . | . . . . Trap . | . . . . Miscellaneous . | . . . . Route ------- -11/Scrapyard -10/Materials (discovered 5 exits: *Mat x3 / *Min / *Sub) -10/Mines (discovered 3 exits: *Mat x2 / *Sub) -10/Subcaves History --------- Turn | Location | Event 10 | -11/Scrapyard | Discovered new exit (range 15) 437 | -11/Scrapyard | Entered Materials 438 | -10/Materials | Build established: Mutant 739 | -10/Materials | Discovered new exit (range 14) 904 | -10/Materials | Discovered new exit (range 5) 1187 | -10/Materials | Discovered new exit (range 15) 1440 | -10/Materials | Discovered new exit (range 6) 1676 | -10/Materials | Discovered new exit (range 8) 1691 | -10/Materials | Identified exit to Materials 1712 | -10/Materials | Identified exit to Subcaves 1800 | -10/Materials | Identified exit to Mines 1803 | -10/Materials | Entered Mines 1968 | -10/Mines | Learned Materials terminal intel 2026 | -10/Mines | A weapon hastily lodged in a ceiling crevice suddenly fell to the ground 2083 | -10/Mines | Discovered exit to Materials (range 5) 2201 | -10/Mines | Discovered exit to Materials (range 3) 2313 | -10/Mines | Learned Materials stockpile data 2325 | -10/Mines | Destroyed 8 combat bots 2329 | -10/Mines | Found a damaged Exp. Sensor Array with a note attached 2333 | -10/Mines | Found Prototype Device 2705 | -10/Mines | Discovered exit to Subcaves (range 8) 2872 | -10/Mines | Entered Subcaves 2943 | -10/Subcaves | Ambushed by swarm of Subdwellers 2943 | -10/Subcaves | Ambushed by Subdwellers from Twisted Machinery 2943 | -10/Subcaves | Ambushed by Subdwellers from Twisted Machinery 2943 | -10/Subcaves | Ambushed by Subdwellers from Twisted Machinery 2951 | -10/Subcaves | Core integrity fell below 50% 2985 | -10/Subcaves | Lost 4 parts (2n2w) 3051 | -10/Subcaves | Core integrity fell below 20% 3063 | -10/Subcaves | Lost 3 allies 3510 | -10/Subcaves | A swath of the cavern ceiling suddenly collapsed 3592 | -10/Subcaves | A swath of the cavern ceiling suddenly collapsed 3603 | -10/Subcaves | Shifting Twisted Machinery released Sub. Machine Gun 3616 | -10/Subcaves | Shifting Twisted Machinery released Flamer 3728 | -10/Subcaves | Destroyed by G-34 Mercenary with Small Laser Last Messages --------------- Gun. 03139_ IK-3WI(R) destroyed. 03150_ Subatomizers dissect the Sub. Machine Gun. 03393_ Riot Gun destroyed. 03400_ M4-KI2(R) destroyed. 03410_ Acquired 36 matter. 03412_ Acquired 2 matter. 03421_ Acquired 6 matter. 03468_ S3-V4T(R) destroyed. 03468_ Slug penetrates Wall. 03475_ Acquired 42 matter. A swath of the cavern ceiling suddenly collapses. 03600_ Acquired 4 matter. Sub. Machine Gun falls loose from the Twisted Machinery. Flamer falls loose from the Twisted Machinery. 03705_ Acquired 6 matter. 03726_ Slug penetrates Wall. Map ----- +----------------------------------------------------+ | ?????????????????????????????????????????????????? | | ?????????????????????????????????????????????????? | | ?????????????????????????????????????????????????? | | ?????????????????????????????????????????????????? | | ?????????????????????????????????????????????????? | | ?????????????????????????????????????????????????? | | ?????????????????????????????????????????????????? | | ?????????????????????????????????????????????????? | | ?????????????????????????????????????????????????? | | ?????????????????????????????????????????????????? | | ?????????????????????????????????????????????????? | | ?????????????????????????????????????????????????? | | ?????????????????????????????????????????????????? | | ?????????????????????????????????????????????????? | | ?????????????????????????????????????????????????? | | ?????????????????????????????????????????????????? | | ?????????????????????????????????????????????????? | | ?????????????????????????????????????????????????? | | ?????????????????????????????????????????????????? | | ????????????????????????###??????????????????????? | | ????????????????????????# ??????????????????????? | | ????????????????????????# ??????????????????????? | | ????????????????????????# #??????????????????????? | | ??????????????########??# #??????????????????????? | | ????????????### " #### #??????????????????????? | | ????????????# ##@##?????????????????????? | | ???????????## # % #?????????????????????? | | ??????????## #" "## " #????????????????? | | ??????????# ##" ##g " ????????????? | | ??????????# #" " ????????????? | | ??????????# #"#^ " " ????????????? | | ?????????## # ##### ## ?????????????? | | ?????????# #???# #?### ?????????????? | | ?????????# # ##??## #????? ?????????????? | | ?????????# ### #???# # #???????????????????? | | ?????????## ### ##???# ## #???????????????????? | | ??????????###?# #???? ### ??????????###??????? | | ??????????????## #??### #? "????#??"" #??????? | | ??????????????# #### #???"???? """ ???????? | | ??????????????## ## #????#???"" #???????? | | ???????????????# #???"?? "" ????????? | | ???????????????# # ###"#?#""#""" ?????????? | | ??????????????# ## #?#""" "|#?????????? | | ??????????????# #### ###"#?""""[ ##????????# | | ????????????## " #?# ## ########"" #"#???###### | | ????????????# " # # ""## "# ""#???###"# | | ???????????# & " ##"####"#"#"# | | ???????????## " #"##"""#""""## | | ????????????### & # # ###""#""""%"#"#"## | | ??????????????## " " ##########?#####"###"""#### | +----------------------------------------------------+ Best States ------------- Heat Dissipation 25 Energy Generation 18 Energy Capacity 250 Matter Stores 300 Matter Capacity 300 Sight Range 16 Robot Scan Range 14 Terrain Scan Density 10 Resistance: KI 20 Resistance: TH 20 Resistance: EX 20 Resistance: EM 20 Resistance: I 20 Resistance: S 20 Resistance: P 20 Evasion (%) 50 Recoil Reduction 2 Offensive Hacking 10 Item Schematics ----------------- None Robot Schematics ------------------ None Fabricated ------------ Nothing Alien Tech Used ----------------- None Achievements -------------- None Challenges ------------ None Game ------ Seed WeldingPowerMace Manual? 0 Play Time 00:43:47 Cumulative 6.1 hours Start 2024.04.02 @ 01:30:30 End 2024.04.02 @ 02:15:37 Sessions 1 Manual Loads 0 Difficulty Adventurer Special Mode None Game No. 8 Rogue 0 Adventurer 8 Explorer 0 Win Type - Total 0 Types 0/0/0/0/0/0/0/0/0 Lore% 3 Gallery% 11 Achievement% 11 Wizard Run 0 Options --------- Layout 2 ASCII 0 Keyboard 0 Movement Mouse Keybinds 0 Fullscreen 2 Font 24/Crisp Map View 50x44 Zoom Use 0% Tactical HUD 1 Map Filters NONE Filters NONE Steam 1 RUN: 788da85f-7640-4de4-8474-83a63c19cf57